 Dungeon Crawl Stone Soup version 0.29.1-12-g30fa7ad0bf (webtiles) character file.

Game seed: 4407867917353862866

0 GeoRichter the Firebug (level 1, -2/13 HPs)
             Began as a Demonspawn Fire Elementalist on Dec 19, 2022.
             Slain by a quokka (4 damage)
             ... on level 1 of the Dungeon.
             The game lasted 00:00:17 (124 turns).

GeoRichter the Firebug (DsFE)                        Turns: 124, Time: 00:00:17

Health: -2/13      AC:  2    Str:  8    XL:     1   Next: 0%
Magic:  0/3        EV: 12    Int: 16    God:
Gold:   3          SH:  0    Dex: 13    Spells: 3/4 levels left

rFire   . . .      SeeInvis .   (no weapon)
rCold   . . .      Faith    .   (no shield)
rNeg    . . .      Spirit   .   a - +0 robe
rPois   .          Reflect  .   (no helmet)
rElec   .          Harm     .   (no cloak)
rCorr   .          Rampage  .   (no gloves)
Will    .....                   (no boots)
Stlth   ++........              (no amulet)
HPRegen 0.04/turn               (no ring)
MPRegen 0.08/turn               (no ring)

@: no status effects
A: no striking features
a: no special abilities


You were on level 1 of the Dungeon.
You visited 1 branch of the dungeon, and saw 1 of its levels.

You collected 3 gold pieces.

Inventory:

Armour
 a - a +0 robe (worn)
Jewellery
 d - a ring of ice
   (You found it on level 1 of the Dungeon)
Scrolls
 c - a scroll of teleportation {unknown}
 f - a scroll of blinking {unknown}
 g - a scroll of summoning {unknown}
 h - a scroll of magic mapping {unknown}
Potions
 b - a potion of magic
 e - a potion of flight {unknown}


   Skills:
 - Level 1.7 Dodging
 - Level 1.7 Stealth
 + Level 2.0 Spellcasting
 * Level 1.0 Conjurations
 + Level 2.6 Fire Magic


You had 3 spell levels left.
You knew the following spells:

 Your Spells              Type           Power      Damage    Failure   Level
a - Foxfire               Conj/Fire      28%        2x1d5     10%         1

Your spell library contained the following spells:

 Spells                   Type           Power      Damage    Failure   Level
 Scorch                   Fire           20%        2d6       11%         2
 Conjure Flame            Conj/Fire      7%         6-21      28%         3
 Inner Flame              Hex/Fire       5%         N/A       34%         3
 Flame Wave               Conj/Fire      7%         2d5       67%         4


Dungeon Overview and Level Annotations

Branches:
Dungeon (1/15) Zot: 5875

Altars:


Message History

Welcome, GeoRichter the Demonspawn Fire Elementalist.
The heart of this dungeon contains the fabled artefact, the Orb of Zot.
Found a spear and 3 gold pieces.
Found a staircase leading out of the dungeon.
You now have 3 gold pieces.
Found a scroll labelled WOOLYAZ LUUT.
c - a scroll labelled WOOLYAZ LUUT You open the gate.
There is an open gate here.
Found a marble ring.
d - a ring of ice
Found a blue potion.
e - a blue potion
Found a scroll labelled ADIEDU DUPHEG.
f - a scroll labelled ADIEDU DUPHEG
Found a scroll labelled SUNLOBOLEI.
Found a scroll labelled UREVEAKKAT.
g - a scroll labelled SUNLOBOLEI
h - a scroll labelled UREVEAKKAT
Found a stone staircase leading down.
A quokka comes into view.
A quokka is nearby!
A quokka is nearby!
You conjure some foxfire!
The quokka bites you.
You barely miss the quokka.
The foxfire hits the quokka but does no damage.
The quokka bites you.
You closely miss the quokka. The quokka bites you.
* * * LOW HITPOINT WARNING * * *
The quokka bites you.
* * * LOW HITPOINT WARNING * * *
You are too injured to fight recklessly!
The foxfire hits the quokka.
You are too injured to fight recklessly!
You conjure some foxfire!
The quokka barely misses you.
You closely miss the quokka.
The foxfire hits the quokka but does no damage.
The quokka bites you.
* * * LOW HITPOINT WARNING * * *
You conjure some foxfire!
The quokka bites you.
You die...

### #.# ### ...
... ... ... #.#
#.# #.# #.# #v#
#.#
#@###.########.
#rv........>...
#.###..........
#.# #..#######.
#..##..#
#..##..#
#..##..#
#..##..#######
#..##.........


You could see a quokka (ally target).

Vanquished Creatures (others)
  3 foxfires (D:1)
3 creatures vanquished.

Notes
Turn   | Place    | Note
-------+----------+-------------------------------------------
     0 | D:1      | GeoRichter the Demonspawn Fire Elementalist began the quest
                  | for the Orb.
     0 | D:1      | Reached XP level 1. HP: 13/13 MP: 3/3
   124 | D:1      | Slain by a quokka

Illustrated notes

Levels and vault maps discovered:
D:1:      lemuel_arrival_funnel, layout_loops_ring, basic_ecumenical_altar,
          serial_shops, shop, nicolae_grassy_gnolls

Action                   || total
-------------------------++-------
Melee: Unarmed           ||     3
 Cast: Foxfire           ||     3
Dodge: Dodged            ||     1
